AoeStats
← Tayrel Nath

Glade

510580781Analyzed
1v1 RM · 22h ago on Oct 1, 2026· 31m 24s· 2 players
Game mode
Random Map
Map size
Tiny (2 player)
Population
200
Speed
Normal
Resources
Standard
Victory
Conquest
Starting age
Dark Age
Ending age
Imperial Age
RankedLock teamsTeams togetherTeam positionsShared explorationLock speedFull tech treeHidden civsTurbo modeCheats
Victory
Defeat
🇲🇽 Franks · Mexico
1046
+15
🇦🇹 Persians · Austria
1028
-15
Roxxy uG
8:35 Feudal Age
6:55 Loom
11:05 Horse Collar
11:11 Double-Bit Axe
13:07 Town Watch
15:59 Man-at-Arms
19:53 Castle Age
19:18 Scale Mail Armor
19:29 Forging
20:46 Squires
20:20 Long Swordsman
25:40 Pikeman
Tayrel Nath
3:16 Loom
10:43 Feudal Age
12:50 Town Watch
15:33 Castle Age
13:45 Double-Bit Axe
15:53 Forging
16:22 Arson
19:06 Pikeman
19:51 Scale Mail Armor
26:30 Ballistics
31:08 Imperial Age
29:58 Town Patrol
30:27 Treadmill Crane
Connection lost

Rejoining the realm…

Still unreachable

The connection could not be restored.

Session expired

The server has moved on; the page needs a fresh start.